Devils vs Bulldogs

Created - Saturday, February 07, 2015 at 00:12

Goals
1 2 3 T
Devils 0 0 0 0
Bulldogs 0 1 0 1
Shots
1 2 3 T
Devils 6 3 8 17
Bulldogs 12 3 7 22

1st period

No Goal

Penalties :
No Penalty

2nd period

1. Bulldogs , Jean-Francois Jacques 3 (Trevor Smith, Ryan Whitney) at 17:44

Penalties :
Dalton Prout (Ham) for High sticking (Minor) at 2:01, Brandon Yip (Ham) for Tripping (Minor) at 18:14

3rd period

No Goal

Penalties :
Mark Olver (Ham) for Hooking (Minor) at 1:02

Goalie Stats

Devan Dubnyk (LOW), 21 saves from 22 shots - (0.955), L, 21-13-22, 59:36 minutes
Eric Hartzell (Ham), 13 saves from 13 shots - (1.000), W, 23-9-5, 49:34 minutes
Jeff Zatkoff (Ham), 4 saves from 4 shots - (1.000), 10:26 minutes

Players Stats for Devils

Player Name              G  A  P  +/- PIM S  H  SB GA TA FO     MP     PP MP  PK MP  
------------------------------------------------------------------------------------
Braden Lamb              0  0  0   0  0   0  0  1  1  1  0/0    22:54   3:33   0:00 
Brendan Shinnimin        0  0  0   0  0   2  3  0  1  0  5/10   19:12   2:38   0:00 
Chris Wideman            0  0  0   0  0   0  1  1  0  2  0/0    24:53   2:42   0:00 
Colin Miller             0  0  0   0  0   0  0  2  0  0  0/0    24:19   3:15   0:00 
Darren Archibald         0  0  0   0  0   1  1  0  0  0  0/0     5:07   0:00   0:00 
Darroll Powe             0  0  0   0  0   1  0  0  0  0  1/8    18:06   0:20   0:00 
Gabriel Beaupre          0  0  0   0  0   0  0  1  0  1  0/0    20:36   0:00   0:00 
Jordan Martinook         0  0  0  -1  0   1  2  2  0  1  0/0    16:29   0:00   0:00 
Matt Carkner             0  0  0   0  0   0  0  1  0  0  0/0     0:10   0:00   0:00 
Matthew Ford             0  0  0   0  0   0  4  0  3  1  0/0    20:15   3:19   0:00 
Pascal Pelletier         0  0  0  -1  0   2  5  1  4  0  4/8    20:54   2:59   0:00 
Rod Pelley               0  0  0   0  0   2  1  0  2  1  1/3    21:20   3:19   0:00 
Scooter Vaughan          0  0  0   0  0   0  0  2  0  0  0/0    23:08   2:24   0:00 
Sean Collins             0  0  0   0  0   4  3  1  3  0  1/1    20:25   2:38   0:00 
Sergey Andronov          0  0  0  -1  0   1  0  1  2  0  0/0    16:44   0:00   0:00 
Theo Peckham             0  0  0   0  0   0  0  0  0  0  0/0     4:38   0:00   0:00 
Yanni Gourde             0  0  0  -1  0   0  0  0  0  0  1/1     1:00   0:00   0:00 
Zach O'Brien             0  0  0  -1  0   3  2  1  4  1  0/1    19:40   2:38   0:00 

Players Stats for Bulldogs

Player Name              G  A  P  +/- PIM S  H  SB GA TA FO     MP     PP MP  PK MP  
------------------------------------------------------------------------------------
B.J. Crombeen            0  0  0   0  0   1  1  0  2  0  0/0    17:35   0:00   1:29 
Brandon Yip              0  0  0   1  2   2  4  2  0  1  0/1    15:20   0:00   0:00 
Chris Conner             0  0  0   0  0   1  0  1  0  0  0/0    11:50   0:00   0:00 
Cody McCormick           0  0  0   0  0   1  3  0  0  0  4/6    12:24   0:00   0:00 
Dalton Prout             0  0  0   0  2   1  2  0  1  4  0/0    22:31   0:00   1:53 
Jean-Francois Jacques    1  0  1   1  0   2  1  0  0  0  0/0    16:12   0:00   0:00 
Jordan Leopold           0  0  0   0  0   1  2  0  1  0  0/0    19:15   0:00   3:08 
Mark Olver               0  0  0   0  2   3  0  1  2  0  6/9    17:13   0:00   0:16 
Matt Hunwick             0  0  0   1  0   1  0  1  0  0  0/0    20:48   0:00   2:49 
Nathan Beaulieu          0  0  0   0  0   0  0  0  0  1  0/0    17:04   0:00   1:15 
Nathan Horton            0  0  0   0  0   2  2  1  5  0  4/9    22:06   0:00   3:50 
Patrick Dwyer            0  0  0   0  0   1  2  0  3  0  0/0    17:03   0:00   4:28 
Patrick Kaleta           0  0  0   0  0   1  3  2  0  0  0/0    11:12   0:00   0:00 
Reece Scarlett           0  0  0   0  0   0  1  1  1  0  0/0     4:06   0:00   0:00 
Ryan Carter              0  0  0   0  0   2  0  0  0  1  0/0    16:17   0:00   0:38 
Ryan Whitney             0  1  1   1  0   1  0  0  0  1  0/0    20:47   0:00   2:49 
Steven Kampfer           0  0  0   0  0   1  0  0  0  1  0/0    15:49   0:00   0:00 
Trevor Smith             0  1  1   1  0   1  2  2  3  0  5/7    16:17   0:00   1:13 

3 Stars

1 - Devan Dubnyk (LOW)
2 - Jean-Francois Jacques (Ham)
3 - Trevor Smith (Ham)

Power Play

Devils - 0 on 4 Attempt(s) - 0.00%
Bulldogs - 0 on 0 Attempt(s) - 0.00%

Penalty Kill

Devils - 0 on 0 Attempt(s) - 0.00% - Score 0 goal in Penalty Kill
Bulldogs - 4 on 4 Attempt(s) - 100.00% - Score 0 goal in Penalty Kill

Team Stat

Devils - Hits : 22 - Faceoff Wins : 13 - Blocked Shots : 14 - Penalty Minutes : 0
Bulldogs - Hits : 23 - Faceoff Wins : 19 - Blocked Shots : 11 - Penalty Minutes : 6

Official

Referees : Unknown
Linesman : Unknown

Game Notes

Matt Carkner is injured at 0:10 of 1st period (Lacerated Left Calf)
Jeff Zatkoff is injured at 10:26 of 1st period (Sprained Right Finger)
Eric Hartzell enters game at 10:26 of 1st period
13:50 of 3rd period - Penalty Shot by Mark Olver for Bulldogs - Stopped by Devan Dubnyk

Finance

Level 1 -- Attendance: 1444 (72.20%) -- Ticket Income $50,540
Level 2 -- Attendance: 803 (80.30%) -- Ticket Income $12,045
Total Attendance: 2247 (74.90%)
Total Ticket Income: $62,585
Other Income: $30,667
Total Income: $93,252

Devils

5 vs 5 Forward 
   Center                   Left Wing                Right Wing               Time % Phy DF OF 
 1 Darroll Powe             Rod Pelley               Matthew Ford             35     1   2  2  
 2 Brendan Shinnimin        Sean Collins             Zach O'Brien             30     1   2  2  
 3 Pascal Pelletier         Jordan Martinook         Sergey Andronov          22     1   2  2  
 4 Rod Pelley               Pascal Pelletier         Sean Collins             13     1   2  2  

5 vs 5 Defense 
   Defense                  Defense                                           Time % Phy DF OF 
 1 Matt Carkner             Colin Miller                                      35     1   2  2  
 2 Chris Wideman            Scooter Vaughan                                   30     1   2  2  
 3 Braden Lamb              Gabriel Beaupre                                   22     1   2  2  
 4 Chris Wideman            Colin Miller                                      13     1   2  2  

PowerPlay Forward 
   Center                   Left Wing                Right Wing               Time % Phy DF OF 
 1 Pascal Pelletier         Rod Pelley               Matthew Ford             60     1   2  2  
 2 Brendan Shinnimin        Sean Collins             Zach O'Brien             40     1   2  2  

PowerPlay Defense
   Defense                  Defense                                           Time % Phy DF OF 
 1 Matt Carkner             Colin Miller                                      60     1   2  2  
 2 Chris Wideman            Scooter Vaughan                                   40     1   2  2  

Penalty Kill 4 Players Forward 
   Center                   Wing                     Time % Phy DF OF 
 1 Pascal Pelletier         Rod Pelley               60     1   2  2  
 2 Brendan Shinnimin        Sean Collins             40     1   2  2  

Penalty Kill 4 Players Defense
   Defense                  Defense                  Time % Phy DF OF 
 1 Braden Lamb              Colin Miller             60     1   2  2  
 2 Chris Wideman            Scooter Vaughan          40     1   2  2  

Penalty Kill - 3 Players Forward 
   Forward                                           Time % Phy DF OF 
 1 Sean Collins                                      60     1   2  2  
 2 Rod Pelley                                        40     1   2  2  

Penalty Kill - 3 Players Defense
   Defense                  Defense                  Time % Phy DF OF 
 1 Matt Carkner             Colin Miller             60     1   2  2  
 2 Chris Wideman            Scooter Vaughan          40     1   2  2  

4 vs 4 Forward 
   Center                   Wing                     Time % Phy DF OF 
 1 Matthew Ford             Rod Pelley               60     1   2  2  
 2 Brendan Shinnimin        Sean Collins             40     1   2  2  

4 vs 4 Defense
   Defense                  Defense                  Time % Phy DF OF 
 1 Gabriel Beaupre          Colin Miller             60     1   2  2  
 2 Chris Wideman            Scooter Vaughan          40     1   2  2  

Last Minutes Offensive
   Center                   Left Wing                Right Wing               Defense                  Defense                  
   Darroll Powe             Rod Pelley               Matthew Ford             Matt Carkner             Colin Miller             

Last Minutes Defensive
   Center                   Left Wing                Right Wing               Defense                  Defense                  
   Darroll Powe             Rod Pelley               Matthew Ford             Matt Carkner             Colin Miller             

Goaltenders
Starting : Devan Dubnyk             
Backup : Robert Mayer             

Extra Forwards
Normal : Pascal Pelletier, Jordan Martinook, Sergey Andronov - PP : Pascal Pelletier, Jordan Martinook - PK : Sergey Andronov
Extra Defensemen
Normal : Braden Lamb, Gabriel Beaupre, Chris Wideman - PP : Braden Lamb - PK : Gabriel Beaupre, Chris Wideman
Penalty Shots
Darroll Powe, Rod Pelley, Brendan Shinnimin, Sean Collins, Pascal Pelletier

Bulldogs

5 vs 5 Forward 
   Center                   Left Wing                Right Wing               Time % Phy DF OF 
 1 Cody McCormick           Patrick Dwyer            Nathan Horton            35     1   2  2  
 2 Mark Olver               Ryan Carter              B.J. Crombeen            30     1   2  2  
 3 Trevor Smith             Jean-Francois Jacques    Brandon Yip              22     1   2  2  
 4 Nathan Horton            Chris Conner             Patrick Kaleta           13     1   2  2  

5 vs 5 Defense 
   Defense                  Defense                                           Time % Phy DF OF 
 1 Dalton Prout             Jordan Leopold                                    35     1   2  2  
 2 Matt Hunwick             Ryan Whitney                                      30     1   2  2  
 3 Steven Kampfer           Nathan Beaulieu                                   22     1   2  2  
 4 Reece Scarlett           Dalton Prout                                      13     1   2  2  

PowerPlay Forward 
   Center                   Left Wing                Right Wing               Time % Phy DF OF 
 1 Cody McCormick           Patrick Dwyer            Nathan Horton            60     1   2  2  
 2 Mark Olver               Ryan Carter              B.J. Crombeen            40     1   2  2  

PowerPlay Defense
   Defense                  Defense                                           Time % Phy DF OF 
 1 Dalton Prout             Jordan Leopold                                    60     1   2  2  
 2 Matt Hunwick             Ryan Whitney                                      40     1   2  2  

Penalty Kill 4 Players Forward 
   Center                   Wing                     Time % Phy DF OF 
 1 Nathan Horton            Patrick Dwyer            60     1   2  2  
 2 Ryan Carter              B.J. Crombeen            40     1   2  2  

Penalty Kill 4 Players Defense
   Defense                  Defense                  Time % Phy DF OF 
 1 Dalton Prout             Jordan Leopold           60     1   2  2  
 2 Matt Hunwick             Ryan Whitney             40     1   2  2  

Penalty Kill - 3 Players Forward 
   Forward                                           Time % Phy DF OF 
 1 Nathan Horton                                     60     1   2  2  
 2 Patrick Dwyer                                     40     1   2  2  

Penalty Kill - 3 Players Defense
   Defense                  Defense                  Time % Phy DF OF 
 1 Dalton Prout             Jordan Leopold           60     1   2  2  
 2 Matt Hunwick             Ryan Whitney             40     1   2  2  

4 vs 4 Forward 
   Center                   Wing                     Time % Phy DF OF 
 1 Nathan Horton            Patrick Dwyer            60     1   2  2  
 2 Ryan Carter              B.J. Crombeen            40     1   2  2  

4 vs 4 Defense
   Defense                  Defense                  Time % Phy DF OF 
 1 Dalton Prout             Jordan Leopold           60     1   2  2  
 2 Matt Hunwick             Ryan Whitney             40     1   2  2  

Last Minutes Offensive
   Center                   Left Wing                Right Wing               Defense                  Defense                  
   Cody McCormick           Patrick Dwyer            Nathan Horton            Dalton Prout             Jordan Leopold           

Last Minutes Defensive
   Center                   Left Wing                Right Wing               Defense                  Defense                  
   Cody McCormick           Patrick Dwyer            Nathan Horton            Dalton Prout             Jordan Leopold           

Goaltenders
Starting : Jeff Zatkoff             
Backup : Eric Hartzell            

Extra Forwards
Normal : Jean-Francois Jacques, Brandon Yip, Trevor Smith - PP : Jean-Francois Jacques, Brandon Yip - PK : Trevor Smith
Extra Defensemen
Normal : Steven Kampfer, Nathan Beaulieu, Reece Scarlett - PP : Steven Kampfer - PK : Nathan Beaulieu, Reece Scarlett
Penalty Shots
Nathan Horton, Patrick Dwyer, Ryan Carter, B.J. Crombeen, Cody McCormick

% Time on Ice - Devils

Lines # - Real PCT - Wanted PCT - Time Play
Normal Forward
1 - 33% - 35% - 17:30
2 - 31% - 30% - 16:35
3 - 31% - 22% - 16:22
4 - 5% - 13% - 2:52
Normal Defense
1 - 49% - 35% - 26:12
2 - 22% - 30% - 11:31
3 - 25% - 22% - 13:18
4 - 4% - 13% - 2:18
PP Forward
1 - 56% - 60% - 3:19
2 - 44% - 40% - 2:38
PP Defense
1 - 76% - 60% - 4:30
2 - 24% - 40% - 1:27
PK Forward
1 - 0% - 60%
2 - 0% - 40%
PK Defense
1 - 0% - 60%
2 - 0% - 40%
PK3 Forward
1 - 0% - 60%
2 - 0% - 40%
PK3 Defense
1 - 0% - 60%
2 - 0% - 40%
44 Forward
1 - 0% - 60%
2 - 0% - 40%
44 Defense
1 - 0% - 60%
2 - 0% - 40%
Last Minute Offensive  - 0:44
Last Minute Defensive  - 0:00
Total
Forward - 60:00
Defense - 60:00

% Time on Ice - Bulldogs

Lines # - Real PCT - Wanted PCT - Time Play
Normal Forward
1 - 23% - 35% - 12:19
2 - 29% - 30% - 15:39
3 - 27% - 22% - 14:38
4 - 20% - 13% - 10:43
Normal Defense
1 - 30% - 35% - 16:08
2 - 34% - 30% - 18:00
3 - 28% - 22% - 15:05
4 - 8% - 13% - 4:06
PP Forward
1 - 0% - 60%
2 - 0% - 40%
PP Defense
1 - 0% - 60%
2 - 0% - 40%
PK Forward
1 - 89% - 60% - 5:19
2 - 11% - 40% - 0:38
PK Defense
1 - 53% - 60% - 3:08
2 - 47% - 40% - 2:49
PK3 Forward
1 - 0% - 60%
2 - 0% - 40%
PK3 Defense
1 - 0% - 60%
2 - 0% - 40%
44 Forward
1 - 0% - 60%
2 - 0% - 40%
44 Defense
1 - 0% - 60%
2 - 0% - 40%
Last Minute Offensive  - 0:00
Last Minute Defensive  - 0:44
Total
Forward - 60:00
Defense - 60:00

Play by Play

1st period


0:01 of 1st period - Cody McCormick wins face-off versus Darroll Powe in neutral zone.
0:08 of 1st period - Snap shot by Nathan Horton.
0:08 of 1st period - Shot Misses the Net.
0:10 of 1st period - Snap shot by Patrick Dwyer.
0:10 of 1st period - Shot Blocked by Matt Carkner.
0:10 of 1st period - Matt Carkner from Devils is injured at 0:10 of 1st period (Lacerated Left Calf).
0:11 of 1st period - Mark Olver wins face-off versus Brendan Shinnimin in Devils zone.
0:22 of 1st period - Slapshot by B.J. Crombeen.
0:22 of 1st period - Shot Misses the Net.
0:24 of 1st period - Snap shot by Mark Olver.
0:24 of 1st period - Shot Blocked by Chris Wideman.
0:26 of 1st period - Snap shot by Ryan Carter.
0:26 of 1st period - Stopped by Devan Dubnyk with a rebound.
0:28 of 1st period - Slapshot by Matt Hunwick.
0:28 of 1st period - Shot Misses the Net.
0:30 of 1st period - Slapshot by Ryan Whitney.
0:30 of 1st period - Deflect By Mark Olver.
0:30 of 1st period - Shot Misses the Net.
0:30 of 1st period - Puck is out of play.
0:31 of 1st period - Mark Olver wins face-off versus Brendan Shinnimin in Devils zone.
0:34 of 1st period - Snap shot by B.J. Crombeen.
0:34 of 1st period - Deflect By Sean Collins.
0:34 of 1st period - Shot Misses the Net.
0:34 of 1st period - Puck is out of play.
0:35 of 1st period - Trevor Smith wins face-off versus Pascal Pelletier in Devils zone.
0:44 of 1st period - Trevor Smith is hit by Pascal Pelletier and loses puck.
1:12 of 1st period - Steven Kampfer is hit by Jordan Martinook and loses puck.
1:46 of 1st period - Darroll Powe is hit by Reece Scarlett and loses puck.
2:13 of 1st period - Ryan Carter is hit by Sean Collins and loses puck.
2:23 of 1st period - Wrist shot by B.J. Crombeen.
2:23 of 1st period - Shot Misses the Net.
2:31 of 1st period - Wrist shot by B.J. Crombeen.
2:31 of 1st period - Deflect By Mark Olver.
2:31 of 1st period - Stopped by Devan Dubnyk with a rebound.
4:26 of 1st period - Slapshot by Nathan Horton.
4:26 of 1st period - Stopped by Devan Dubnyk without a rebound.
4:27 of 1st period - Pascal Pelletier wins face-off versus Cody McCormick in Devils zone.
4:49 of 1st period - Off-side.
4:50 of 1st period - Trevor Smith wins face-off versus Darroll Powe in neutral zone.
4:55 of 1st period - Snap shot by Dalton Prout.
4:55 of 1st period - Stopped by Devan Dubnyk with a rebound.
5:01 of 1st period - Snap shot by Jean-Francois Jacques.
5:01 of 1st period - Shot Misses the Net.
5:11 of 1st period - Rod Pelley is hit by Trevor Smith and loses puck.
5:36 of 1st period - Jordan Martinook is hit by Jordan Leopold and loses puck.
5:51 of 1st period - Mark Olver is hit by Pascal Pelletier and loses puck.
6:45 of 1st period - Wrist shot by Nathan Horton.
6:45 of 1st period - Stopped by Devan Dubnyk with a rebound.
8:49 of 1st period - Snap shot by Darroll Powe.
8:49 of 1st period - Stopped by Jeff Zatkoff without a rebound.
8:50 of 1st period - Trevor Smith wins face-off versus Darroll Powe in Bulldogs zone.
9:24 of 1st period - Wrist shot by Ryan Carter.
9:24 of 1st period - Shot Blocked by Gabriel Beaupre.
9:52 of 1st period - Sergey Andronov is hit by Cody McCormick and loses puck.
10:02 of 1st period - Wrist shot by Sergey Andronov.
10:02 of 1st period - Stopped by Jeff Zatkoff with a rebound.
10:04 of 1st period - Snap shot by Pascal Pelletier.
10:04 of 1st period - Deflect By Cody McCormick.
10:04 of 1st period - Stopped by Jeff Zatkoff with a rebound.
10:26 of 1st period - Wrist shot by Brendan Shinnimin.
10:26 of 1st period - Stopped by Jeff Zatkoff without a rebound.
10:26 of 1st period - Jeff Zatkoff from Bulldogs is injured at 10:26 of 1st period (Sprained Right Finger).
10:26 of 1st period - Eric Hartzell enters game.
10:27 of 1st period - Nathan Horton wins face-off versus Rod Pelley in Bulldogs zone.
10:27 of 1st period - Nathan Horton is hit by Sean Collins.
10:55 of 1st period - Wrist shot by Nathan Horton.
10:55 of 1st period - Shot Blocked by Sean Collins.
11:19 of 1st period - B.J. Crombeen is hit by Matthew Ford and loses puck.
11:31 of 1st period - Darroll Powe is hit by Jordan Leopold and loses puck.
12:02 of 1st period - Snap shot by Sean Collins.
12:02 of 1st period - Shot Hit the Post.
12:04 of 1st period - Slapshot by Braden Lamb.
12:04 of 1st period - Shot Blocked by Brandon Yip.
12:06 of 1st period - Wrist shot by Sean Collins.
12:06 of 1st period - Stopped by Eric Hartzell with a rebound.
12:26 of 1st period - Sergey Andronov is hit by Brandon Yip and loses puck.
12:55 of 1st period - Slapshot by Matt Hunwick.
12:55 of 1st period - Stopped by Devan Dubnyk with a rebound.
12:57 of 1st period - Wrist shot by Patrick Kaleta.
12:57 of 1st period - Shot Blocked by Pascal Pelletier.
12:59 of 1st period - Wrist shot by Patrick Kaleta.
12:59 of 1st period - Stopped by Devan Dubnyk without a rebound.
13:00 of 1st period - Mark Olver wins face-off versus Darroll Powe in Devils zone.
14:25 of 1st period - Snap shot by Trevor Smith.
14:25 of 1st period - Stopped by Devan Dubnyk with a rebound.
14:43 of 1st period - Darroll Powe is hit by Nathan Horton and loses puck.
16:14 of 1st period - Braden Lamb is hit by Brandon Yip and loses puck.
16:51 of 1st period - Jordan Martinook is hit by Nathan Horton and loses puck.
17:00 of 1st period - Nathan Horton is hit by Pascal Pelletier and loses puck.
17:21 of 1st period - Snap shot by Darren Archibald.
17:21 of 1st period - Stopped by Eric Hartzell with a rebound.
18:42 of 1st period - Wrist shot by Mark Olver.
18:42 of 1st period - Stopped by Devan Dubnyk without a rebound.
18:43 of 1st period - Brendan Shinnimin wins face-off versus Trevor Smith in Devils zone.
19:39 of 1st period - Wrist shot by Mark Olver.
19:39 of 1st period - Shot Misses the Net.
19:41 of 1st period - Slapshot by Steven Kampfer.
19:41 of 1st period - Stopped by Devan Dubnyk without a rebound.
19:42 of 1st period - Mark Olver wins face-off versus Brendan Shinnimin in Devils zone.
19:47 of 1st period - Snap shot by B.J. Crombeen.
19:47 of 1st period - Stopped by Devan Dubnyk with a rebound.
19:49 of 1st period - Snap shot by Ryan Carter.
19:49 of 1st period - Shot Misses the Net.
19:51 of 1st period - Wrist shot by Ryan Carter.
19:51 of 1st period - Stopped by Devan Dubnyk with a rebound.
Goals for this period are 0 for Devils vs 0 for Bulldogs.
Shots for this period are 6 for Devils vs 12 for Bulldogs.

2nd period


0:01 of 2nd period - Nathan Horton wins face-off versus Rod Pelley in neutral zone.
0:29 of 2nd period - Off-side.
0:30 of 2nd period - Mark Olver wins face-off versus Darroll Powe in neutral zone.
1:35 of 2nd period - Wrist shot by Zach O'Brien.
1:35 of 2nd period - Shot Blocked by Trevor Smith.
1:37 of 2nd period - Snap shot by Zach O'Brien.
1:37 of 2nd period - Stopped by Eric Hartzell without a rebound.
1:38 of 2nd period - Brendan Shinnimin wins face-off versus Cody McCormick in Bulldogs zone.
1:54 of 2nd period - Wrist shot by Sean Collins.
1:54 of 2nd period - Shot Misses the Net.
1:56 of 2nd period - Slapshot by Gabriel Beaupre.
1:56 of 2nd period - Shot Misses the Net.
2:01 of 2nd period - Minor Penalty to Dalton Prout for High sticking.
2:02 of 2nd period - Pascal Pelletier wins face-off versus Nathan Horton in Bulldogs zone.
3:17 of 2nd period - Patrick Dwyer is hit by Matthew Ford and loses puck.
3:26 of 2nd period - Pascal Pelletier is hit by Patrick Dwyer and loses puck.
4:01 of 2nd period - Penalty to Dalton Prout is over, Dalton Prout is back on ice.
4:13 of 2nd period - B.J. Crombeen is hit by Chris Wideman and loses puck.
4:49 of 2nd period - Slapshot by Brandon Yip.
4:49 of 2nd period - Shot Misses the Net.
5:15 of 2nd period - Mark Olver is hit by Rod Pelley and loses puck.
5:56 of 2nd period - Snap shot by Zach O'Brien.
5:56 of 2nd period - Shot Blocked by Patrick Kaleta.
5:58 of 2nd period - Slapshot by Colin Miller.
5:58 of 2nd period - Shot Blocked by Patrick Kaleta.
6:00 of 2nd period - Snap shot by Brendan Shinnimin.
6:00 of 2nd period - Shot Blocked by Nathan Horton.
6:10 of 2nd period - Nathan Beaulieu is hit by Jordan Martinook and loses puck.
6:25 of 2nd period - Snap shot by Trevor Smith.
6:25 of 2nd period - Shot Blocked by Colin Miller.
6:27 of 2nd period - Snap shot by Dalton Prout.
6:27 of 2nd period - Shot Blocked by Jordan Martinook.
6:29 of 2nd period - Slapshot by Dalton Prout.
6:29 of 2nd period - Shot Blocked by Scooter Vaughan.
6:31 of 2nd period - Snap shot by Brandon Yip.
6:31 of 2nd period - Stopped by Devan Dubnyk with a rebound.
6:33 of 2nd period - Slapshot by Dalton Prout.
6:33 of 2nd period - Shot Misses the Net.
6:35 of 2nd period - Slapshot by Dalton Prout.
6:35 of 2nd period - Shot Blocked by Scooter Vaughan.
7:01 of 2nd period - Snap shot by Zach O'Brien.
7:01 of 2nd period - Shot Blocked by Mark Olver.
7:05 of 2nd period - Snap shot by Zach O'Brien.
7:05 of 2nd period - Stopped by Eric Hartzell with a rebound.
8:11 of 2nd period - Matt Hunwick is hit by Darren Archibald and loses puck.
8:17 of 2nd period - Off-side.
8:18 of 2nd period - Darroll Powe wins face-off versus Brandon Yip in neutral zone.
8:21 of 2nd period - Snap shot by Darren Archibald.
8:21 of 2nd period - Shot Blocked by Reece Scarlett.
8:31 of 2nd period - Dalton Prout is hit by Pascal Pelletier.
9:21 of 2nd period - Brendan Shinnimin is hit by B.J. Crombeen and loses puck.
11:35 of 2nd period - Snap shot by Patrick Dwyer.
11:35 of 2nd period - Stopped by Devan Dubnyk with a rebound.
11:59 of 2nd period - Snap shot by Darren Archibald.
11:59 of 2nd period - Shot Blocked by Chris Conner.
14:08 of 2nd period - Backhand shot by Jordan Martinook.
14:08 of 2nd period - Stopped by Eric Hartzell with a rebound.
14:36 of 2nd period - Rod Pelley is hit by Cody McCormick and loses puck.
15:01 of 2nd period - Theo Peckham is hit by Patrick Kaleta and loses puck.
15:23 of 2nd period - Off-side.
15:24 of 2nd period - Yanni Gourde wins face-off versus Nathan Horton in neutral zone.
15:27 of 2nd period - Patrick Kaleta is hit by Brendan Shinnimin and loses puck.
15:34 of 2nd period - Wrist shot by Sean Collins.
15:34 of 2nd period - Shot Blocked by Matt Hunwick.
16:28 of 2nd period - Pascal Pelletier is hit by Jean-Francois Jacques and loses puck.
17:42 of 2nd period - Snap shot by Trevor Smith.
17:42 of 2nd period - Shot Misses the Net.
17:44 of 2nd period - Wrist shot by Jean-Francois Jacques.
17:44 of 2nd period - Goal by Jean-Francois Jacques - Devils : 0 - Bulldogs : 1.
17:45 of 2nd period - Nathan Horton wins face-off versus Pascal Pelletier in neutral zone.
18:14 of 2nd period - Minor Penalty to Brandon Yip for Tripping.
18:15 of 2nd period - Brendan Shinnimin wins face-off versus Nathan Horton in Bulldogs zone.
18:37 of 2nd period - Wrist shot by Nathan Horton.
18:37 of 2nd period - Shot Misses the Net.
19:40 of 2nd period - Dalton Prout is hit by Zach O'Brien and loses puck.
Goals for this period are 0 for Devils vs 1 for Bulldogs.
Shots for this period are 3 for Devils vs 3 for Bulldogs.

3rd period


0:01 of 3rd period - Pascal Pelletier wins face-off versus Nathan Horton in neutral zone.
0:14 of 3rd period - Penalty to Brandon Yip is over, Brandon Yip is back on ice.
0:24 of 3rd period - Snap shot by Rod Pelley.
0:24 of 3rd period - Stopped by Eric Hartzell without a rebound.
0:25 of 3rd period - Brendan Shinnimin wins face-off versus Mark Olver in Bulldogs zone.
1:02 of 3rd period - Minor Penalty to Mark Olver for Hooking.
1:03 of 3rd period - Pascal Pelletier wins face-off versus Nathan Horton in Bulldogs zone.
1:56 of 3rd period - Jordan Leopold is hit by Brendan Shinnimin.
2:06 of 3rd period - Patrick Dwyer is hit by Brendan Shinnimin and loses puck.
2:33 of 3rd period - Chris Wideman is hit by Patrick Dwyer and loses puck.
2:58 of 3rd period - Slapshot by Brendan Shinnimin.
2:58 of 3rd period - Stopped by Eric Hartzell with a rebound.
3:00 of 3rd period - Wrist shot by Zach O'Brien.
3:00 of 3rd period - Shot Misses the Net.
3:02 of 3rd period - Penalty to Mark Olver is over, Mark Olver is back on ice.
3:29 of 3rd period - Mark Olver is hit by Pascal Pelletier and loses puck.
4:05 of 3rd period - Matthew Ford is hit by Trevor Smith and loses puck.
4:40 of 3rd period - Snap shot by Chris Conner.
4:40 of 3rd period - Stopped by Devan Dubnyk with a rebound.
4:42 of 3rd period - Snap shot by Steven Kampfer.
4:42 of 3rd period - Shot Blocked by Jordan Martinook.
4:44 of 3rd period - Backhand shot by Chris Conner.
4:44 of 3rd period - Shot Misses the Net.
4:46 of 3rd period - Wrist shot by Nathan Beaulieu.
4:46 of 3rd period - Shot Blocked by Sergey Andronov.
5:10 of 3rd period - Snap shot by Sean Collins.
5:10 of 3rd period - Stopped by Eric Hartzell with a rebound.
5:12 of 3rd period - Snap shot by Zach O'Brien.
5:12 of 3rd period - Stopped by Eric Hartzell with a rebound.
5:14 of 3rd period - Snap shot by Brendan Shinnimin.
5:14 of 3rd period - Shot Misses the Net.
6:00 of 3rd period - Off-side.
6:01 of 3rd period - Cody McCormick wins face-off versus Darroll Powe in neutral zone.
6:04 of 3rd period - Snap shot by Nathan Horton.
6:04 of 3rd period - Shot Misses the Net.
6:38 of 3rd period - Jordan Martinook is hit by Patrick Kaleta and loses puck.
7:30 of 3rd period - Slapshot by Braden Lamb.
7:30 of 3rd period - Shot Blocked by Brandon Yip.
7:32 of 3rd period - Wrist shot by Pascal Pelletier.
7:32 of 3rd period - Shot Misses the Net.
7:34 of 3rd period - Wrist shot by Sean Collins.
7:34 of 3rd period - Deflect By Pascal Pelletier.
7:34 of 3rd period - Shot Blocked by Trevor Smith.
7:34 of 3rd period - Puck is out of play.
7:35 of 3rd period - Rod Pelley wins face-off versus Mark Olver in Bulldogs zone.
7:44 of 3rd period - Ryan Carter is hit by Sean Collins and loses puck.
7:53 of 3rd period - Slapshot by Jordan Leopold.
7:53 of 3rd period - Stopped by Devan Dubnyk with a rebound.
8:09 of 3rd period - Jordan Martinook is hit by Patrick Kaleta and loses puck.
8:18 of 3rd period - Snap shot by Sergey Andronov.
8:18 of 3rd period - Shot Misses the Net.
8:42 of 3rd period - Darren Archibald is hit by Brandon Yip and loses puck.
8:49 of 3rd period - Trevor Smith is hit by Zach O'Brien.
9:47 of 3rd period - Snap shot by Jordan Martinook.
9:47 of 3rd period - Shot Misses the Net.
9:49 of 3rd period - Slapshot by Colin Miller.
9:49 of 3rd period - Shot Misses the Net.
9:51 of 3rd period - Slapshot by Colin Miller.
9:51 of 3rd period - Deflect By Pascal Pelletier.
9:51 of 3rd period - Stopped by Eric Hartzell with a rebound.
9:53 of 3rd period - Snap shot by Pascal Pelletier.
9:53 of 3rd period - Shot Misses the Net.
10:42 of 3rd period - Snap shot by Trevor Smith.
10:42 of 3rd period - Deflect By Rod Pelley.
10:42 of 3rd period - Shot Misses the Net.
10:42 of 3rd period - Puck is out of play.
10:43 of 3rd period - Trevor Smith wins face-off versus Brendan Shinnimin in Devils zone.
11:41 of 3rd period - Mark Olver is hit by Matthew Ford and loses puck.
11:52 of 3rd period - Matthew Ford is hit by Dalton Prout and loses puck.
12:10 of 3rd period - Off-side.
12:11 of 3rd period - Nathan Horton wins face-off versus Zach O'Brien in neutral zone.
12:29 of 3rd period - Snap shot by Brandon Yip.
12:29 of 3rd period - Shot Misses the Net.
12:31 of 3rd period - Slapshot by Brandon Yip.
12:31 of 3rd period - Stopped by Devan Dubnyk with a rebound.
12:33 of 3rd period - Snap shot by Trevor Smith.
12:33 of 3rd period - Shot Blocked by Zach O'Brien.
12:35 of 3rd period - Wrist shot by Jean-Francois Jacques.
12:35 of 3rd period - Stopped by Devan Dubnyk with a rebound.
12:37 of 3rd period - Snap shot by Trevor Smith.
12:37 of 3rd period - Deflect By Brandon Yip.
12:37 of 3rd period - Deflect By Sergey Andronov.
12:37 of 3rd period - Shot Blocked by Colin Miller.
12:37 of 3rd period - Puck is out of play.
12:38 of 3rd period - Trevor Smith wins face-off versus Darroll Powe in Devils zone.
12:39 of 3rd period - Wrist shot by Jordan Leopold.
12:39 of 3rd period - Shot Misses the Net.
13:04 of 3rd period - Icing by Trevor Smith.
13:05 of 3rd period - Brendan Shinnimin wins face-off versus Trevor Smith in Bulldogs zone.
13:12 of 3rd period - Snap shot by Sean Collins.
13:12 of 3rd period - Stopped by Eric Hartzell without a rebound.
13:13 of 3rd period - Cody McCormick wins face-off versus Brendan Shinnimin in Bulldogs zone.
13:22 of 3rd period - Snap shot by Cody McCormick.
13:22 of 3rd period - Stopped by Devan Dubnyk with a rebound.
13:24 of 3rd period - Slapshot by Ryan Whitney.
13:24 of 3rd period - Stopped by Devan Dubnyk with a rebound.
13:50 of 3rd period - Penalty Shot by Mark Olver for Bulldogs.
13:50 of 3rd period - Backhand shot by Mark Olver.
13:50 of 3rd period - Stopped by Devan Dubnyk.
13:51 of 3rd period - Mark Olver wins face-off versus Pascal Pelletier in Bulldogs zone.
14:04 of 3rd period - Slapshot by Jordan Leopold.
14:04 of 3rd period - Shot Blocked by Braden Lamb.
14:35 of 3rd period - Dalton Prout is hit by Matthew Ford and loses puck.
15:29 of 3rd period - Wrist shot by B.J. Crombeen.
15:29 of 3rd period - Shot Misses the Net.
15:55 of 3rd period - Slapshot by Sean Collins.
15:55 of 3rd period - Stopped by Eric Hartzell with a rebound.
16:27 of 3rd period - Sean Collins is hit by Brandon Yip and loses puck.
16:34 of 3rd period - Slapshot by Brendan Shinnimin.
16:34 of 3rd period - Deflect By Ryan Whitney.
16:34 of 3rd period - Shot Misses the Net.
16:34 of 3rd period - Puck is out of play.
16:35 of 3rd period - Sean Collins wins face-off versus Mark Olver in Bulldogs zone.
17:39 of 3rd period - Pascal Pelletier is hit by Dalton Prout and loses puck.
18:16 of 3rd period - Slapshot by Matthew Ford.
18:16 of 3rd period - Deflect By Rod Pelley.
18:16 of 3rd period - Stopped by Eric Hartzell with a rebound.
18:25 of 3rd period - Rod Pelley is hit by Cody McCormick and loses puck.
19:15 of 3rd period - Snap shot by Chris Conner.
19:15 of 3rd period - Deflect By Mark Olver.
19:15 of 3rd period - Stopped by Devan Dubnyk without a rebound.
19:16 of 3rd period - Rick Kowalsky call a timeout for Devils.
19:16 of 3rd period - Cody McCormick wins face-off versus Pascal Pelletier in Devils zone.
19:36 of 3rd period - Devils, Devan Dubnyk is pulled from the net.
Goals for this period are 0 for Devils vs 0 for Bulldogs.
Shots for this period are 8 for Devils vs 7 for Bulldogs.


Output by the SimonT Hockey Simulator (STHS) for Eric Dolegowski -- Original Page W3C XHTML 1.0 Valid
Hockey Simulator - Hockey Simulation - Hockey Manager